 Dungeon Crawl Stone Soup version 0.23.2-1-ga50397a6bc (webtiles) character file.

Game seed: 14782273659632782154

284 FluffierThanThou the Covered (level 6, -5/84 HPs)
             Began as a Minotaur Fighter on May 21, 2019.
             Killed by divine providence
             ... invoked by an orc priest
              (15 damage)
             ... on level 4 of the Dungeon.
             The game lasted 00:06:51 (2876 turns).

FluffierThanThou the Covered (Minotaur Fighter)     Turns: 2876, Time: 00:06:52

Health: -5/84      AC: 23    Str: 23    XL:     6   Next: 7%
Magic:  5/5        EV:  2    Int: 10    God:
Gold:   174        SH: 10    Dex:  9    Spells: 5/5 levels left

rFire    . . .     SeeInvis .   a - +0 war axe
rCold    . . .     Gourm    .   c - +0 shield
rNeg     + + +     Faith    .   (armour currently unavailable)
rPois    +         Spirit   .   (helmet currently unavailable)
rElec    .         Reflect  .   (cloak currently unavailable)
rCorr    .         Harm     .   (gloves currently unavailable)
MR       .....     NoTele   +   (boots currently unavailable)
Stlth    +.........             (no amulet)
HPRegen  0.24/turn              e - ring of poison resistance
MPRegen  0.09/turn              (no ring)

@: brilliant, tree-form
A: (retaliatory headbutt)
a: no special abilities


You were on level 4 of the Dungeon.
You were hungry.
You were a tree.
You visited 1 branch of the dungeon, and saw 4 of its levels.

You collected 174 gold pieces.

Inventory:

Hand Weapons
 a - a +0 war axe (weapon)
 l - a +0 antimagic hand axe
 u - the +6 dagger of Das Apn {pierce, +Inv rElec MR++ MP-9, unknown}
   (You found it on level 4 of the Dungeon)

   It inflicts extra damage upon your enemies.
   It insulates you from electricity.
   It affects your resistance to hostile enchantments.
   It affects your magic capacity (-9).
   It lets you turn invisible.
Armour
 b - a +0 scale mail (melded)
 c - a +0 shield (worn)
Jewellery
 e - a ring of poison resistance (left branch)
Scrolls
 g - 3 scrolls of identify {unknown}
 h - 3 scrolls of remove curse {unknown}
 k - 3 scrolls of immolation {unknown}
 m - a scroll of teleportation {unknown}
 n - a scroll of noise {unknown}
 q - a scroll of magic mapping {unknown}
Potions
 i - a potion of berserk rage {unknown}
 j - a potion of lignification
 o - a potion of brilliance
 p - a potion of haste {unknown}
 r - a potion of agility {unknown}
 s - a potion of ambrosia {unknown}
 t - a potion of magic {unknown}
Comestibles
 f - 3 rations


   Skills:
 + Level 5.0 Fighting
 + Level 4.5 Axes
 + Level 5.2 Armour
 + Level 5.0 Shields


You had 5 spell levels left.
You didn't know any spells.
Your spell library was empty.

Dungeon Overview and Level Annotations

Branches:
Dungeon (4/15)
 Temple: D:4-7

Altars:
Dithmenos
Gozag
Nemelex Xobeh
Trog
Vehumet
The Shining One


Innate Abilities, Weirdness & Mutations

((You reflexively headbutt those who attack you in melee.))
((You have a pair of horns on your head.))


Message History

You closely miss the orc priest.
The orc priest is almost dead.
The orc priest invokes the aid of Beogh against you.
Beogh smites you!
* * * LOW HITPOINT WARNING * * *
The orc priest calls upon Beogh to heal the orc priest.
The orc priest is healed somewhat.
The orc priest mumbles some strange prayers to Beogh against you.
Pain shoots through your body!
* * * LOW HITPOINT WARNING * * *
There is a stone staircase leading up, spattered with blood here.
You see here a wand of flame (18).
It was a potion of brilliance.
You feel clever all of a sudden.
It was a potion of lignification.
You turn into a tree.
Your +0 scale mail melds into your body.
Your roots penetrate the ground.
The orc priest calls down the wrath of Beogh upon you.
Beogh smites you!
You die...

###.g.#...#
#####.#
..........#
#.# #.# #.#
#.# #.# #g#
#.# #o# #W#
#.# ########.#
#########)#
#>W..g...#
.......♣o)#
#.######## ##.
#############
#.# ..... ..#
########g# ...
.. #.#
#.W......# .#
.##.#
#.######## )#
...# #.# .
#..# ###.### #
#..# #.....# #
#..#####.###.#


You could see an orc priest.

Vanquished Creatures
  A big kobold (D:3)
  5 adders
  5 gnolls
  2 oozes (D:2)
  2 worms (D:2)
  A dart slug (D:1)
  6 leopard geckos
  14 orcs
  5 giant cockroaches
  8 hobgoblins
  2 quokkas (D:4)
  2 ball pythons
  3 bats
  5 frilled lizards
  11 goblins
  8 kobolds
  A quokka skeleton (D:4)
  14 rats
95 creatures vanquished.

Notes
Turn   | Place    | Note
-------+----------+-------------------------------------------
     0 | D:1      | FluffierThanThou the Minotaur Fighter began the quest for
                  | the Orb.
     0 | D:1      | Reached XP level 1. HP: 19/19 MP: 0/0
   104 | D:1      | Reached XP level 2. HP: 26/27 MP: 1/1
   529 | D:1      | Reached XP level 3. HP: 33/33 MP: 2/2
   909 | D:2      | Found a bloodstained altar of Trog.
   962 | D:2      | Reached XP level 4. HP: 30/40 MP: 3/3
  1595 | D:3      | Noticed a big kobold
  1606 | D:3      | Killed a big kobold
  1606 | D:3      | Reached XP level 5. HP: 47/47 MP: 1/4
  1650 | D:3      | Found an opulent altar of Gozag.
  1778 | D:3      | Found a sparkling altar of Nemelex Xobeh.
  1824 | D:3      | Found a shadowy altar of Dithmenos.
  1975 | D:3      | Found a glowing golden altar of the Shining One.
  2141 | D:4      | Noticed a phantom
  2142 | D:4      | Reached skill level 5 in Armour
  2491 | D:4      | Got a bloodstained dagger
  2579 | D:3      | Reached skill level 5 in Fighting
  2624 | D:4      | Found a radiant altar of Vehumet.
  2645 | D:3      | Reached skill level 5 in Shields
  2857 | D:4      | Reached XP level 6. HP: 47/56 MP: 5/5
  2876 | D:4      | Killed from afar by an orc priest

Skill      XL: |  1  2  3  4  5 |
---------------+----------------+-----
Fighting       | 4 5 |  5.0
Shields        | 4 5 |  5.0
Armour         | 4 5 |  5.2
Axes           | 3 4 |  4.5

Action                   |  1- 3 |  4- 6 || total
-------------------------+-------+-------++-------
Melee: War axe           |    77 |    51 ||   128
       Headbutt          |    10 |    21 ||    31
       Hand axe          |       |   102 ||   102
  Use: Potion            |       |     5 ||     5
  Eat: Chunk             |       |     6 ||     6
Armor: Scale mail        |    30 |    59 ||    89
Dodge: Dodged            |    21 |    58 ||    79
Block: Shield            |    36 |    85 ||   121
